A
KINSTON INDIANS @ LITTLE ROCK TRAVELERS
05/10/2060
 
TOP OF THE 1ST
Kinston Indians batting - Pitching for Little Rock Travelers : LHP Jon McArdle
Pitching: LHP Jon McArdle
Batting: RHB Owen MacFarland 0-0: Ball
1-0: Called Strike
1-1: Foul Ball, location: 2F
1-2: Reached on error, E2 (Groundball, 15S, EV 55.6 MPH)
Batting: RHB Mathew Kandoro 0-0: Fielders Choice at 2nd, 5-4 (Groundball, 56S, EV 86.9 MPH)
Batting: LHB Jaleen Kenny 0-0: Called Strike
0-1: Ball
1-1: Swinging Strike
1-2: Ball
2-2: Foul Ball, location: 2F
2-2: Strikes out swinging
Batting: RHB Rohan Fitzgerald 0-0: Ball
1-0: Called Strike
1-1: Ball
2-1: Foul Ball, location: 2F
2-2: Ball
3-2: Base on Balls
Mathew Kandoro to second
Batting: RHB Evan Ochs 0-0: Called Strike
0-1: Ball
1-1: Foul Ball, location: 2F
1-2: Strikes out looking
Top of the 1st over - 0 runs, 0 hits, 1 error, 2 left on base; Kinston 0 - Little Rock 0
BOTTOM OF THE 1ST
Little Rock Travelers batting - Pitching for Kinston Indians : LHP Tim Honda
Pitching: LHP Tim Honda
Batting: LHB Sanford Davis 0-0: Foul Ball, location: 2F
0-1: Called Strike
0-2: Ball
1-2: Ball
2-2: Ball
3-2: Foul Ball, location: 2F
3-2: Base on Balls
Batting: RHB Mason Eubanks 0-0: Ball
Sanford Davis steals 2nd base
1-0: DOUBLE (Line Drive, 78M, EV 111.2 MPH)
Sanford Davis scores
Batting: SHB Stuart Owens 0-0: Foul Ball, location: 2F
0-1: Ball
1-1: Called Strike
1-2: Ball
2-2: Foul Ball, location: 2F
2-2: Foul Ball, location: 2F
2-2: Fly out, F9 (Line Drive, 89M, EV 96.9 MPH)
Batting: RHB Cody Tolley 0-0: Called Strike
0-1: Ball
1-1: Swinging Strike
1-2: Strikes out swinging
Batting: RHB Joey Bird 0-0: Called Strike
0-1: Fly out, F9 (Flyball, 9LM, EV 102.5 MPH)
Bottom of the 1st over - 1 run, 1 hit, 0 errors, 1 left on base; Kinston 0 - Little Rock 1
TOP OF THE 2ND
Kinston Indians batting - Pitching for Little Rock Travelers : LHP Jon McArdle
Batting: RHB Drew Yewell 0-0: Called Strike
0-1: Called Strike
0-2: Strikes out swinging
Batting: RHB Dave Christal 0-0: Called Strike
0-1: Called Strike
0-2: Ball
1-2: Foul Ball, location: 2F
1-2: Foul Ball, location: 2F
1-2: Foul Ball, location: 2F
1-2: Ball
2-2: SINGLE (Line Drive, 4D, EV 94.4 MPH)
Batting: RHB Carter Pratt 0-0: Ball
1-0: Ball
2-0: Ball
3-0: Called Strike
3-1: Base on Balls
Dave Christal to second
Batting: RHB Dennell Manvelov 0-0: Ball
1-0: Fly out, F7 (Flyball, 7, EV 87.5 MPH)
Batting: RHB Owen MacFarland 0-0: Foul Ball, location: 2F
0-1: Called Strike
0-2: Ball
1-2: Strikes out looking
Top of the 2nd over - 0 runs, 1 hit, 0 errors, 2 left on base; Kinston 0 - Little Rock 1
BOTTOM OF THE 2ND
Little Rock Travelers batting - Pitching for Kinston Indians : LHP Tim Honda
Batting: RHB Logan Triplett 0-0: Called Strike
0-1: SINGLE (Line Drive, 4D, EV 109.4 MPH)
Batting: LHB Chandler Allen 0-0: Called Strike
0-1: 2-RUN HOME RUN (Flyball, 7LD, EV 91.2 MPH), Distance : 334 ft
Batting: RHB Preston Horner 0-0: Bunt for hit to 5S - play at first, batter safe!
Batting: RHB Kyle Tursi 0-0: Hit by Pitch
Preston Horner to second
Batting: LHB Sanford Davis 0-0: Ball
1-0: Called Strike
1-1: Swinging Strike
1-2: Grounds into double play, 4-6-3 (Groundball, 4D, EV 104.4 MPH)
Preston Horner to third
Batting: RHB Mason Eubanks 0-0: Ball
1-0: Fly out, F9 (Flyball, 9, EV 80.0 MPH)
Bottom of the 2nd over - 2 runs, 3 hits, 0 errors, 1 left on base; Kinston 0 - Little Rock 3
TOP OF THE 3RD
Kinston Indians batting - Pitching for Little Rock Travelers : LHP Jon McArdle
Batting: RHB Mathew Kandoro 0-0: Swinging Strike
0-1: Called Strike
0-2: Fly out, F2 (Popup, 3SF, EV 73.8 MPH)
Batting: LHB Jaleen Kenny 0-0: Ball
1-0: Swinging Strike
1-1: Ground out 6-3 (Groundball, 6, EV 109.4 MPH)
Batting: RHB Rohan Fitzgerald 0-0: Called Strike
0-1: Ball
1-1: Swinging Strike
1-2: Strikes out looking
Top of the 3rd over - 0 runs, 0 hits, 0 errors, 0 left on base; Kinston 0 - Little Rock 3
BOTTOM OF THE 3RD
Little Rock Travelers batting - Pitching for Kinston Indians : LHP Tim Honda
Batting: SHB Stuart Owens 0-0: Ball
1-0: Swinging Strike
1-1: Foul Ball, location: 2F
1-2: Ball
2-2: Foul Ball, location: 2F
2-2: Foul Ball, location: 2F
2-2: Foul Ball, location: 2F
2-2: Foul Ball, location: 2F
2-2: Ball
3-2: Base on Balls
Batting: RHB Cody Tolley 0-0: Ball
1-0: SINGLE (Line Drive, 8RS, EV 110.6 MPH)
Stuart Owens to second
Batting: RHB Joey Bird 0-0: Swinging Strike
0-1: Ball
1-1: Called Strike
1-2: Foul Ball, location: 2F
1-2: SINGLE (Flyball, 3D, EV 89.4 MPH)
Stuart Owens to third
Cody Tolley to second
Batting: RHB Logan Triplett 0-0: Ball
1-0: Fly out, F9 (Flyball, 89S, EV 80.6 MPH)
Batting: LHB Chandler Allen 0-0: Called Strike
0-1: Ball
1-1: Foul Ball, location: 2F
1-2: Ball
2-2: Ball
3-2: Foul Ball, location: 2F
3-2: Foul Ball, location: 2F
3-2: Base on Balls
Stuart Owens scores
Cody Tolley to third
Joey Bird to second
Batting: RHB Preston Horner 0-0: Ball
1-0: Fly out, F8 (Flyball, 89S, EV 86.2 MPH)
Batting: RHB Kyle Tursi 0-0: Ball
Passed Ball!
Cody Tolley scores
Joey Bird to third
Chandler Allen to second
1-0: Swinging Strike
1-1: Ball
2-1: Ball
3-1: Base on Balls
Batting: LHB Sanford Davis 0-0: Called Strike
0-1: Foul Ball, location: 2F
0-2: Foul Ball, location: 2F
0-2: Strikes out looking
Bottom of the 3rd over - 2 runs, 2 hits, 0 errors, 3 left on base; Kinston 0 - Little Rock 5
TOP OF THE 4TH
Kinston Indians batting - Pitching for Little Rock Travelers : LHP Jon McArdle
Batting: RHB Evan Ochs 0-0: Ball
1-0: Called Strike
1-1: SINGLE (Line Drive, 7S, EV 100.0 MPH)
Batting: RHB Drew Yewell 0-0: Called Strike
0-1: Foul Ball, location: 2F
0-2: Foul Ball, location: 2F
0-2: Strikes out swinging
Batting: RHB Dave Christal 0-0: Called Strike
0-1: Foul Ball, location: 2F
0-2: Ball
1-2: Foul Ball, location: 2F
1-2: Ball
Evan Ochs is caught stealing 2nd base 2-4
2-2: Ball
3-2: DOUBLE (Flyball, 78XD, EV 105.0 MPH) - OUT at third base trying to stretch hit.
Top of the 4th over - 0 runs, 2 hits, 0 errors, 0 left on base; Kinston 0 - Little Rock 5
BOTTOM OF THE 4TH
Little Rock Travelers batting - Pitching for Kinston Indians : LHP Tim Honda
Batting: RHB Mason Eubanks 0-0: Called Strike
0-1: Foul Ball, location: 2F
0-2: Fly out, F7 (Line Drive, 7S, EV 91.9 MPH)
Batting: SHB Stuart Owens 0-0: Called Strike
0-1: Called Strike
0-2: Foul Ball, location: 2F
0-2: Strikes out looking
Batting: RHB Cody Tolley 0-0: Called Strike
0-1: Ball
1-1: SINGLE (Line Drive, 8LS, EV 94.4 MPH)
Batting: RHB Joey Bird 0-0: Ball
1-0: Ball
2-0: Swinging Strike
2-1: Foul Ball, location: 2F
2-2: Ball
3-2: Base on Balls
Cody Tolley to second
Batting: RHB Logan Triplett 0-0: Ball
1-0: Called Strike
1-1: Ground out 4-3 (Groundball, 4, EV 99.4 MPH)
Bottom of the 4th over - 0 runs, 1 hit, 0 errors, 2 left on base; Kinston 0 - Little Rock 5
TOP OF THE 5TH
Kinston Indians batting - Pitching for Little Rock Travelers : LHP Jon McArdle
Batting: RHB Carter Pratt 0-0: Foul Ball, location: 2F
0-1: Ball
1-1: Foul Ball, location: 2F
1-2: Strikes out looking
Batting: RHB Dennell Manvelov 0-0: Ball
1-0: Called Strike
1-1: Ball
2-1: Foul Ball, location: 2F
2-2: Strikes out swinging
Batting: RHB Owen MacFarland 0-0: Ground out 4-3 (Groundball, 4, EV 81.9 MPH)
Top of the 5th over - 0 runs, 0 hits, 0 errors, 0 left on base; Kinston 0 - Little Rock 5
BOTTOM OF THE 5TH
Little Rock Travelers batting - Pitching for Kinston Indians : LHP Tim Honda
Batting: LHB Chandler Allen 0-0: Foul Ball, location: 2F
0-1: Ball
1-1: Swinging Strike
1-2: Strikes out looking
Batting: RHB Preston Horner 0-0: Swinging Strike
0-1: Ball
1-1: Ball
2-1: Ball
3-1: Foul Ball, location: 2F
3-2: Foul Ball, location: 2F
3-2: Fly out, F7 (Flyball, 7LD, EV 94.4 MPH)
Batting: RHB Kyle Tursi 0-0: Called Strike
0-1: Called Strike
0-2: Fly out, F7 (Flyball, 7, EV 96.2 MPH)
Bottom of the 5th over - 0 runs, 0 hits, 0 errors, 0 left on base; Kinston 0 - Little Rock 5
TOP OF THE 6TH
Kinston Indians batting - Pitching for Little Rock Travelers : LHP Jon McArdle
Batting: RHB Mathew Kandoro 0-0: Ground out 6-3 (Groundball, 6, EV 80.6 MPH)
Batting: LHB Jaleen Kenny 0-0: Foul Ball, location: 2F
0-1: Ball
1-1: Foul Ball, location: 2F
1-2: Fly out, F7 (Flyball, 78S, EV 88.8 MPH)
Batting: RHB Rohan Fitzgerald 0-0: Foul Ball, location: 2F
0-1: Ball
1-1: Foul Ball, location: 2F
1-2: Ball
2-2: Strikes out swinging
Top of the 6th over - 0 runs, 0 hits, 0 errors, 0 left on base; Kinston 0 - Little Rock 5
BOTTOM OF THE 6TH
Little Rock Travelers batting - Pitching for Kinston Indians : LHP Tim Honda
Pitching: LHP Carlisle Kaouch
Batting: LHB Sanford Davis 0-0: SOLO HOME RUN (Flyball, 9LD, EV 96.9 MPH), Distance : 351 ft
Batting: RHB Mason Eubanks 0-0: Ball
1-0: Ball
2-0: SINGLE (Flyball, 9LS, EV 98.8 MPH)
Batting: SHB Stuart Owens 0-0: Ball
Mason Eubanks is caught stealing 2nd base 2-4
1-0: SINGLE (Line Drive, 78S, EV 88.1 MPH)
Batting: RHB Cody Tolley 0-0: Fly out, F7 (Line Drive, 78S, EV 86.2 MPH)
Batting: RHB Joey Bird 0-0: Ball
1-0: Fly out, F3 (Popup, 3S, EV 74.4 MPH)
Bottom of the 6th over - 1 run, 3 hits, 0 errors, 1 left on base; Kinston 0 - Little Rock 6
TOP OF THE 7TH
Kinston Indians batting - Pitching for Little Rock Travelers : LHP Jon McArdle
Pitching: RHP Cliff Tarnovius
Batting: RHB Evan Ochs 0-0: Ground out 4-3 (Groundball, 4, EV 108.8 MPH)
Batting: RHB Drew Yewell 0-0: Ball
1-0: Foul Ball, location: 2F
1-1: Ball
2-1: Swinging Strike
2-2: Ball
3-2: Base on Balls
Batting: RHB Dave Christal 0-0: Swinging Strike
0-1: Swinging Strike
0-2: Strikes out swinging
Batting: RHB Carter Pratt 0-0: Swinging Strike
0-1: Ball
1-1: Foul Ball, location: 2F
1-2: Foul Ball, location: 2F
1-2: Fielders Choice at 2nd, 5-4 (Groundball, 56, EV 83.8 MPH)
Top of the 7th over - 0 runs, 0 hits, 0 errors, 1 left on base; Kinston 0 - Little Rock 6
BOTTOM OF THE 7TH
Little Rock Travelers batting - Pitching for Kinston Indians : LHP Carlisle Kaouch
Batting: RHB Logan Triplett 0-0: Ball
1-0: Ball
2-0: Ball
3-0: Base on Balls
Batting: LHB Chandler Allen 0-0: Called Strike
0-1: Ball
1-1: Grounds into double play, 4-6-3 (Groundball, 4, EV 103.8 MPH)
Batting: RHB Preston Horner 0-0: Ball
1-0: Swinging Strike
1-1: Fly out, F8 (Flyball, 89M, EV 88.1 MPH)
Bottom of the 7th over - 0 runs, 0 hits, 0 errors, 0 left on base; Kinston 0 - Little Rock 6
TOP OF THE 8TH
Kinston Indians batting - Pitching for Little Rock Travelers : RHP Cliff Tarnovius
Batting: RHB Dennell Manvelov 0-0: Called Strike
0-1: Fly out, F7 (Line Drive, 7LS, EV 90.6 MPH)
Batting: RHB Owen MacFarland 0-0: Foul Ball, location: 2F
0-1: Ground out 6-3 (Groundball, 56, EV 100.0 MPH)
Batting: RHB Mathew Kandoro 0-0: Ball
1-0: Ball
2-0: Foul Ball, location: 2F
2-1: Ball
3-1: Called Strike
3-2: Base on Balls
Pitching: LHP Fletcher Barahona
Batting: LHB Jaleen Kenny 0-0: DOUBLE (Flyball, 8LXD, EV 112.5 MPH)
Mathew Kandoro to third
Pitching: RHP Vin Chasovodov
Batting: RHB Rohan Fitzgerald 0-0: Called Strike
0-1: Foul Ball, location: 2F
0-2: Ball
1-2: SINGLE (Line Drive, 89M, EV 89.4 MPH)
Mathew Kandoro scores
Jaleen Kenny to third
Batting: RHB Evan Ochs 0-0: Ball
1-0: Foul Ball, location: 2F
1-1: Fielders Choice at 2nd, 5-4 (Groundball, 56, EV 82.5 MPH)
Top of the 8th over - 1 run, 2 hits, 0 errors, 2 left on base; Kinston 1 - Little Rock 6
BOTTOM OF THE 8TH
Little Rock Travelers batting - Pitching for Kinston Indians : LHP Carlisle Kaouch
Batting: RHB Kyle Tursi 0-0: Foul Ball, location: 2F
0-1: Ball
1-1: Swinging Strike
1-2: Hit by Pitch
Batting: LHB Sanford Davis 0-0: Grounds into double play, 4-6-3 (Groundball, 34, EV 95.6 MPH)
Batting: RHB Mason Eubanks 0-0: Foul Ball, location: 2F
0-1: Ball
1-1: Foul Ball, location: 2F
1-2: Ball
2-2: Ground out 5-3 (Groundball, 56, EV 94.4 MPH)
Bottom of the 8th over - 0 runs, 0 hits, 0 errors, 0 left on base; Kinston 1 - Little Rock 6
TOP OF THE 9TH
Kinston Indians batting - Pitching for Little Rock Travelers : RHP Vin Chasovodov
Batting: RHB Drew Yewell 0-0: Foul Ball, location: 2F
0-1: Foul Ball, location: 2F
0-2: Fly out, F9 (Line Drive, 89D, EV 97.5 MPH)
Pitching: RHP Ta'Jon Olide
Batting: RHB Dave Christal 0-0: Called Strike
0-1: SINGLE (Line Drive, 34, EV 105.0 MPH)
Batting: RHB Carter Pratt 0-0: Ball
1-0: Called Strike
1-1: Ball
2-1: Foul Ball, location: 2F
2-2: DOUBLE (Line Drive, 5D, EV 98.8 MPH)
Dave Christal to third
Batting: RHB Dennell Manvelov 0-0: Swinging Strike
0-1: Fly out, F3 (Line Drive, 3L, EV 70.0 MPH)
Batting: RHB Owen MacFarland 0-0: Ball
1-0: Foul Ball, location: 2F
1-1: Ball
2-1: DOUBLE (Flyball, 78D, EV 89.4 MPH)
Dave Christal scores
Carter Pratt scores
Batting: RHB Mathew Kandoro 0-0: Ball
1-0: Foul Ball, location: 2F
1-1: Fly out, F9 (Line Drive, 89M, EV 92.5 MPH)
Top of the 9th over - 2 runs, 3 hits, 0 errors, 1 left on base; Kinston 3 - Little Rock 6
Monday, April 29th , 2024 - OOTP Baseball 23.10 Build 110